 Dungeon Crawl Stone Soup version 0.15.2 (webtiles) character file.

123 magipi the Chopper (level 5, -4/42 HPs)
             Began as a Hill Orc Skald on Sept 21, 2015.
             Was an Initiate of Makhleb.
             Splashed by a jelly's acid (12 damage)
             ... on Level 3 of the Dungeon.
             The game lasted 00:13:45 (1770 turns).

magipi the Chopper (Hill Orc Skald)                 Turns: 1770, Time: 00:13:45

HP  -4/42        AC -9     Str 15      XL: 5   Next:  7%
MP   0/9         EV  9     Int 12      God: Makhleb [......]
Gold 124         SH  0     Dex 11      Spells:  1 memorised,  7 levels left

rFire  . . .     SeeInvis .     a - +0 hand axe
rCold  . . .     Clarity  .     f - +0 ring mail
rNeg   . . .     rCorr    .     (no shield)
rPois  .         rRot     .     (no helmet)
rElec  .         Spirit   .     (no cloak)
SustAb .         Warding  .     (no gloves)
rMut   .         Stasis   .     (no boots)
Gourm  .                        (no amulet)
MR     .....                    (no ring)
                                (no ring)

@: infused (expiring), corroded equipment, not resistant to hostile
enchantments, very unstealthy
A: no striking features
a: Renounce Religion


You were on level 3 of the Dungeon.
You worshipped Makhleb.
Makhleb was noncommittal.
You were hungry.

You visited 1 branch of the dungeon, and saw 4 of its levels.

You collected 124 gold pieces.

Inventory:

Hand weapons
 a - a +0 hand axe (weapon)
Missiles
 h - 12 poisoned needles
 i - 7 tomahawks (quivered)
Armour
 f - a +0 ring mail (worn)
Comestibles
 d - a meat ration
 n - 3 bread rations
Scrolls
 b - a scroll of remove curse
 g - a scroll of magic mapping {unknown}
 j - a scroll of recharging {unknown}
 m - a scroll of amnesia {unknown}
 o - a scroll of enchant weapon {unknown}
 r - a scroll of fear {unknown}
Potions
 e - a potion of curing
 k - a potion of brilliance
 q - a potion of heal wounds {unknown}
Books
 c - a book of Battle

   Spells                             Type                      Level
   *Infusion                          Charms                       1
   Shroud of Golubria                 Charms/Translocation         2
   Song of Slaying                    Charms                       2
   Spectral Weapon                    Hexes/Charms                 3
   Regeneration                       Charms/Necromancy            3


   Skills:
 - Level 2.4 Fighting
 + Level 6.0 Axes
 - Level 1.1 Armour
 - Level 0.7 Dodging
 - Level 2.0 Spellcasting
 - Level 3.0 Charms


You had 7 spell levels left.
You knew the following spells:

 Your Spells              Type           Power        Failure   Level  Hunger
a - Infusion              Chrm           #.....       12%         1    ##.....


Dungeon Overview and Level Annotations

Branches:
Dungeon (4/15)
 Temple: D:4-7

Altars:
Makhleb
Qazlal
Xom
Yredelemnul
The Shining One

Vault maps used:
D:1:      dpeg_arrival_stone_temple_mockup
D:3:      minitemple, uniq_iyjb, uniq_jessica
D:4:      first_bread


Message History

The orc is severely wounded.
The orc hits you but does no damage.
You hit the orc but do no damage.
The orc is severely wounded.
The orc hits you but does no damage.
You hit the orc.
You kill the orc!
Makhleb accepts your kill.
You feel sick.
Items here: %% ) [ a club; a scale mail; an orc corpse; an adder corpse You offer a prayer to Makhleb.
The orc corpse flares red and disappears.
The adder corpse flares red and disappears.
Makhleb is noncommittal.
You feel sick.
An ogre comes into view. It is wielding a giant spiked club.
The ogre shouts!
You feel sick.
You are no longer poisoned.
Things that are here:
a club; a scale mail
There is a stone staircase leading up here.
You are feeling hungry.
Found a spear.
You hear a distant slurping noise.
You hear a distant slurping noise.
You see here a spear.
A jelly comes into view.
The jelly quivers.
A bat comes into view.
The bat hits you but does no damage. The bat barely misses you.
You hit the bat.
You kill the bat!
Makhleb accepts your kill.
Your Axes skill increases to level 6!
A kobold comes into view. It is wielding a glowing short sword.
The kobold shouts!
The kobold throws a stone.
The stone hits you but does no damage.
Things that are here:
a stone; a bat corpse The jelly jiggles.
A rat comes into view.
You hear a slurping noise.
The kobold barely misses you.
You closely miss the kobold. The kobold hits you but does no damage.
The kobold completely misses you. The rat closely misses you.
The rat bites you but does no damage. The kobold hits you but does no damage.
Found a short sword.
You barely miss the rat. The rat closely misses you.
You closely miss the rat. The rat closely misses you.
You hit the rat but do no damage. The rat barely misses you.
You hit the rat.
You kill the rat!
Makhleb accepts your kill.
The jelly jiggles.
Casting: Infusion
Confirm with . or Enter, or press ? or * to list all spells.
You begin infusing your attacks with magical energy.
The jelly barely misses you.
You hit the jelly.
The jelly is lightly wounded.
The jelly hits you but does no damage.
Your ring mail prevents you from hitting the jelly.
The jelly is lightly wounded.
The jelly closely misses you.
You slash the jelly!
The jelly is moderately wounded.
The jelly hits you but does no damage.
You hit the jelly.
The jelly is moderately wounded.
The jelly barely misses you.
You hit the jelly.
The jelly is heavily wounded.
The jelly hits you but does no damage.
You hit the jelly.
The jelly is heavily wounded.
The jelly barely misses you.
You hit the jelly. The acid corrodes your equipment!
The jelly is severely wounded.
The jelly closely misses you.
You hit the jelly!
The jelly is severely wounded.
The jelly closely misses you.
Unknown command.
You hit the jelly. The acid corrodes your equipment!
The jelly is almost dead.
The jelly hits you.
You are splashed with acid!
The acid burns!
You hit the jelly.
The jelly is almost dead.
Your magical infusion is running out.
The jelly hits you.
You are splashed with acid!
The acid burns!
* * * LOW HITPOINT WARNING * * *
You hit the jelly but do no damage. The acid corrodes your equipment!
The jelly is almost dead.
The jelly hits you.
* * * LOW HITPOINT WARNING * * *
You are splashed with acid!
The acid burns!
You die...

#.......#
#.......#
#.......#
#.......#
#.......#
#.......#
#.......#
#.......######
#......KJ@...#
###########.......
..... .).. ... .


You could see a jelly and a kobold.

Table legend:
 A = Kills in this place as a percentage of kills in entire the game.
 B = Kills by you in this place as a percentage of kills by you in the entire game.
 C = Kills by friends in this place as a percentage of kills by friends in the entire game.
 D = Other kills in this place as a percentage of other kills in the entire game.
 E = Experience gained in this place as a percentage of experience gained in the entire game.
 F = Experience gained in this place divided by the number of levels of this place that you have seen.
                   A       B       C       D       E      F
               +-------+-------+-------+-------+-------+----------------------
         Total | 100.0 | 100.0 |  -nan |  -nan | 100.0 |  44.0
       Dungeon | 100.0 | 100.0 |  -nan |  -nan | 100.0 |  44.0
               +-------+-------+-------+-------+-------+----------------------

Vanquished Creatures
  Ijyb (D:3)
  Jessica (D:3)
  2 adders
  12 orcs (D:3)
  A ball python (D:1)
  9 bats
  4 giant cockroaches
  8 goblins
  7 hobgoblins
  4 kobolds
  3 giant newts
  4 rats
56 creatures vanquished.

Notes
Turn   | Place    | Note
--------------------------------------------------------------
     0 | D:1      | magipi, the Hill Orc Skald, began the quest for the Orb.
     0 | D:1      | Reached XP level 1. HP: 18/18 MP: 2/2
   242 | D:1      | Reached skill level 3 in Axes
   244 | D:1      | Reached XP level 2. HP: 19/25 MP: 3/3
   607 | D:2      | Reached XP level 3. HP: 20/30 MP: 4/6
   832 | D:1      | Reached skill level 4 in Axes
  1113 | D:3      | Reached XP level 4. HP: 11/37 MP: 0/7
  1183 | D:3      | Noticed Ijyb
  1202 | D:3      | Killed Ijyb
  1202 | D:3      | Reached skill level 5 in Axes
  1282 | D:4      | Noticed a phantom
  1398 | D:3      | Found a glowing golden altar of the Shining One.
  1469 | D:3      | Noticed Jessica
  1503 | D:3      | Killed Jessica
  1577 | D:3      | Found a burning altar of Makhleb.
  1577 | D:3      | Found a basalt altar of Yredelemnul.
  1582 | D:3      | Found a shimmering altar of Xom.
  1583 | D:3      | Found a stormy altar of Qazlal.
  1586 | D:3      | Became a worshipper of Makhleb the Destroyer
  1665 | D:3      | Reached XP level 5. HP: 27/42 MP: 3/9
  1679 | D:3      | Noticed an ogre
  1738 | D:3      | Reached skill level 6 in Axes
  1770 | D:3      | Splashed by a jelly's acid

Action                   |  1- 3 |  4- 6 || total
-------------------------+-------+-------++-------
Melee: Hand axe          |   125 |   100 ||   225
Throw: Tomahawk          |       |     4 ||     4
 Cast: Infusion          |     1 |     4 ||     5
  Use: Scroll            |       |     4 ||     4
       Potion            |       |     1 ||     1
  Eat: Chunk             |     1 |     2 ||     3

Action                   |  1- 3 |  4- 6 || total
-------------------------+-------+-------++-------
Melee: Hand axe          |   125 |   100 ||   225
Throw: Tomahawk          |       |     4 ||     4
 Cast: Infusion          |     1 |     4 ||     5
  Use: Scroll            |       |     4 ||     4
       Potion            |       |     1 ||     1
  Eat: Chunk             |     1 |     2 ||     3

Action                   |  1- 3 |  4- 6 || total
-------------------------+-------+-------++-------
Melee: Hand axe          |   125 |   100 ||   225
Throw: Tomahawk          |       |     4 ||     4
 Cast: Infusion          |     1 |     4 ||     5
  Use: Scroll            |       |     4 ||     4
       Potion            |       |     1 ||     1
  Eat: Chunk             |     1 |     2 ||     3
